 Dungeon Crawl Stone Soup version 0.24-a0-228-g05560da (webtiles) character file.

Game seed: 6769703501244981988

11267 xeno23 the Covert (level 11, -4/74 HPs)
             Began as an Octopode Assassin on Apr 1, 2019.
             Was an Elder of Uskayaw.
             Splashed by an acid dragon's acid (13 damage)
             ... on level 10 of the Dungeon.
             The game lasted 00:48:30 (11499 turns).

xeno23 the Covert (Octopode Assassin)              Turns: 11499, Time: 00:48:32

Health: -4/74      AC: -3    Str: 11    XL:     11   Next: 75%
Magic:  32/32      EV: 23    Int: 17    God:    Uskayaw [****..]
Gold:   1221       SH:  6    Dex: 20    Spells: 10/10 levels left

rFire    + . .     SeeInvis .   a - +3 short sword (flame)
rCold    x . .     Gourm    .   (no shield)
rNeg     . . .     Faith    .   (helmet restricted)
rPois    +         Spirit   .   l - +6 amulet of reflection
rElec    .         Reflect  +   q - ring of magical power
rCorr    .         Harm     .   u - +2 ring of intelligence
MR       .....                  z - ring of fire
Stlth    +++++++++.             D - ring of stealth
HPRegen  0.22/turn              G - ring of poison resistance
MPRegen  0.23/turn              P - ring of stealth
                                O - ring of magical power
                                (no ring)

@: agile, corroded
A: almost no armour, stealthy swim, amphibious, 8 rings, constrict 8, camouflage
1, gelatinous body 1
a: Stomp, Line Pass, Renounce Religion


You were on level 10 of the Dungeon.
You worshipped Uskayaw.
Uskayaw was noncommittal.
You were not hungry.

You visited 2 branches of the dungeon, and saw 11 of its levels.
You also visited: Bailey.

You collected 1221 gold pieces.

Inventory:

Hand Weapons
 a - a +3 short sword of flaming (weapon)
 b - a +0 blowgun
 m - a +0 hunting sling
 t - a +1 scimitar of flaming
 E - a +6 flail of crushing
 L - a +2 dagger of venom
Missiles
 c - 17 poisoned needles
 d - 6 curare-tipped needles
 r - 2 throwing nets (quivered)
 x - 64 sling bullets
Jewellery
 h - an uncursed amulet of guardian spirit
 l - a +6 amulet of reflection (around mantle)
 q - a ring of magical power (left tentacle)
 u - a +2 ring of intelligence (right tentacle)
 z - a ring of fire (on tentacle)
 D - a ring of stealth (on tentacle)
 G - a ring of poison resistance (on tentacle)
 O - a ring of magical power (on tentacle)
 P - a ring of stealth (on tentacle)
Wands
 v - a wand of random effects (75)
 B - a wand of paralysis (12)
 K - a wand of flame (14)
Scrolls
 e - a scroll of enchant weapon
 i - a scroll of identify
 y - 4 scrolls of remove curse
 C - 2 scrolls of enchant armour
 H - a scroll of blinking
 I - a scroll of fear {unknown}
 J - a scroll of vulnerability {unknown}
 N - 3 scrolls of magic mapping
 R - a scroll of teleportation
Potions
 g - a potion of agility
 j - a potion of berserk rage {unknown}
 k - 2 potions of magic
 n - 4 potions of flight
 o - a potion of resistance
 p - a potion of brilliance {unknown}
 s - a potion of heal wounds
 w - a potion of invisibility {unknown}
 F - a potion of haste {unknown}
 M - 2 potions of curing
Miscellaneous
 A - a lamp of fire
Comestibles
 f - 23 rations


   Skills:
 + Level 6.9 Fighting
 * Level 9.6 Short Blades
 + Level 6.8 Throwing
 + Level 6.5 Dodging
 * Level 13.7 Stealth
 + Level 4.4 Invocations
 + Level 4.2 Evocations


You had 10 spell levels left.
You didn't know any spells.
Your spell library contained the following spells:

 Spells                   Type           Power        Failure   Level  Hunger
 Corona                   Hex            #......      24%         1    ##.....
 Slow                     Hex            #.......     34%         2    ###....
 Inner Flame              Hex/Fire       #.......     56%         3    ####...
 Portal Projectile        Hex/Tloc       #.....       56%         3    ####...
 Cause Fear               Hex            #.........   93%         4    #####..
 Leda's Liquefaction      Hex/Erth       #.........   93%         4    #####..


Dungeon Overview and Level Annotations

Branches:
Dungeon (10/15)            Temple (1/1) D:5            Lair (0/6) D:10
    Orc: D:9-12

Altars:
Ashenzari
Cheibriados
Dithmenos
Elyvilon
Fedhas
Gozag
Hepliaklqana
Kikubaaqudgha
Makhleb
Nemelex Xobeh
Okawaru
Qazlal
Ru
Sif Muna
Trog
Uskayaw
Vehumet
Wu Jian
Xom
Yredelemnul
Zin
The Shining One

Shops:
D:7 *

Annotations:
D:10 4 runed translucent doors


Innate Abilities, Weirdness & Mutations

You cannot wear most types of armour.
You are very stealthy in the water. (Stealth+)
You are amphibious.
You can wear up to eight rings at the same time.
You can use your tentacles to constrict eight enemies at once.
Your skin changes colour to match your surroundings (Stealth+).
Your rubbery body absorbs attacks. (AC +1, EV +1)


Message History

Uskayaw links your audience in an emotional bond!
You completely miss the acid dragon.
You squeeze the acid dragon, but do no damage.
The acid dragon is moderately wounded.
The acid dragon spits acid at you. The splash of acid misses you.
You hit the acid dragon but do no damage.
Your squeeze misses the acid dragon.
The acid dragon is moderately wounded.
The acid dragon completely misses you. x2
You hit the acid dragon but do no damage.
Your squeeze misses the acid dragon.
The acid dragon is moderately wounded.
Okay, then.
The acid dragon is no longer sharing its pain.
The acid dragon spits acid at you. The splash of acid hits you!
* * * LOW HITPOINT WARNING * * *
You are splashed with acid!
You die...

...........#...##...## ##.#
.##.....#............###### #..
....#.#.#.................######.
...#...........................#.
.##.............######..######...
.)....#...#....##..o.####....##..
....###...##...#D#.##%##†.###.#..
..........####.#.#..# #.##.#.#..
.......#.......#@###.. #.#.##.#..
##.............#.#.##:##)##.#.#..
...............##)#.######...##..
......##........###'# #'###.÷.
......##............######.....#.
......##...........##8%)8##.##.#.
......##...........#8W)C.8#.##.#.
......##...........+.SW...+.##.#.
....).####.#.......+......+..#.#.


You could see an acid dragon.

Vanquished Creatures
  2 two-headed ogres (D:10)
  An orc knight (Bailey)
  2 komodo dragons (D:10)
  A troll (D:9)
  Grinder (D:3)
  A hippogriff (D:8)
  Sigmund (D:2)
  7 yaks
  2 wyverns (D:10)
  A wraith (D:10)
  Menkaure (D:4)
  Edmund (D:6)
  2 hungry ghosts
  An acid dragon (D:10)
  2 water moccasins
  3 ice beasts
  9 orc warriors
  2 phantoms
  5 sky beasts
  A black bear (D:8)
  A necrophage (D:10)
  4 ogres
  5 centaurs
  A crocodile (D:9)
  5 bullfrogs
  A water moccasin zombie (D:6)
  A wyvern skeleton (D:10)
  3 scorpions
  10 killer bees (D:8)
  5 howler monkeys
  A centaur zombie (D:6)
  3 crimson imps
  11 orc priests
  6 hounds
  9 orc wizards
  2 centaur skeletons
  3 jellies
  2 bullfrog skeletons
  Ijyb (D:3)
  Jessica (D:2)
  2 iguanas
  Natasha (thrice) (D:2)
  8 worker ants
  A hound zombie (D:9)
  2 hound skeletons
  Robin (D:3)
  8 gnolls
  14 adders
  A shadow imp (D:5)
  4 adder zombies
  3 worms
  A dart slug (D:3)
  3 leopard geckos
  54 orcs
  5 bats
  5 giant cockroaches
  17 goblins
  8 hobgoblins
  8 jackals
  4 quokkas
  A ball python (D:3)
  A ball python skeleton (D:5)
  4 frilled lizards
  21 kobolds
  2 leopard gecko skeletons (D:4)
  A quokka zombie (D:7)
  4 rats
  A bush (D:5)
308 creatures vanquished.

Vanquished Creatures (others)
  4 fungi (D:9)
4 creatures vanquished.

Grand Total: 312 creatures vanquished

Notes
Turn   | Place    | Note
-------+----------+-------------------------------------------
     0 | D:1      | xeno23 the Octopode Assassin began the quest for the Orb.
     0 | D:1      | Reached XP level 1. HP: 14/14 MP: 1/1
   250 | D:1      | Reached XP level 2. HP: 19/19 MP: 2/2
   776 | D:2      | Reached XP level 3. HP: 24/24 MP: 3/3
   802 | D:2      | Noticed Jessica
  1038 | D:2      | Noticed Natasha
  1057 | D:2      | Killed Natasha
  1057 | D:2      | Reached skill level 6 in Stealth
  1057 | D:2      | Reached XP level 4. HP: 16/30 MP: 2/4
  1312 | D:2      | Noticed Sigmund
  1578 | D:2      | Killed Jessica
  1578 | D:2      | Reached XP level 5. HP: 35/35 MP: 5/5
  1587 | D:2      | Noticed Natasha
  1598 | D:2      | Killed Natasha
  1674 | D:2      | Noticed Natasha
  1686 | D:2      | Killed Natasha
  1839 | D:3      | Noticed Ijyb
  1851 | D:3      | Killed Ijyb
  1876 | D:3      | Noticed Grinder
  1877 | D:3      | Paralysed by Grinder for 2 turns
  1883 | D:3      | Killed Grinder
  1883 | D:3      | Reached skill level 7 in Stealth
  1883 | D:3      | Reached XP level 6. HP: 37/42 MP: 6/6
  1904 | D:3      | Noticed Robin
  2092 | D:3      | Killed Robin
  2092 | D:3      | Reached XP level 7. HP: 46/46 MP: 7/7
  2412 | D:5      | Entered Level 5 of the Dungeon
  2696 | D:2      | Killed Sigmund
  2696 | D:2      | Reached skill level 8 in Stealth
  2722 | D:2      | Found a stormy altar of Qazlal.
  2722 | D:2      | Found a basalt altar of Yredelemnul.
  2779 | D:4      | Noticed Menkaure
  2788 | D:4      | Killed Menkaure
  2788 | D:4      | Reached skill level 5 in Short Blades
  2808 | D:4      | Reached XP level 8. HP: 54/54 MP: 8/8
  2854 | D:4      | Found a sacrificial altar of Ru.
  2855 | D:4      | Found a hide-covered altar of Uskayaw.
  2855 | D:4      | Found a snail-covered altar of Cheibriados.
  2868 | D:4      | Found an ancient bone altar of Kikubaaqudgha.
  2875 | D:4      | Became a worshipper of Uskayaw the Reveler
  3060 | D:4      | Reached * piety under Uskayaw
  3249 | D:5      | Found a staircase to the Ecumenical Temple.
  3258 | D:5      | Reached ** piety under Uskayaw
  3264 | D:5      | HP: 2/54 [centaur (10)]
  3594 | D:5      | Reached skill level 9 in Stealth
  3654 | D:5      | Reached *** piety under Uskayaw
  3656 | D:5      | Reached **** piety under Uskayaw
  3763 | Temple   | Entered the Ecumenical Temple
  4573 | D:6      | Noticed Edmund
  4758 | D:6      | Reached skill level 10 in Stealth
  4758 | D:6      | Reached XP level 9. HP: 28/59 MP: 9/9
  5192 | D:6      | Killed Edmund
  5652 | D:7      | Reached skill level 5 in Fighting
  5861 | D:7      | Reached skill level 5 in Throwing
  5941 | D:7      | Found Zin's Purification Station.
  5947 | D:7      | Found a glowing silver altar of Zin.
  5972 | D:7      | Reached skill level 11 in Stealth
  6411 | D:7      | Found a sacrificial altar of Ru.
  6463 | D:8      | Reached skill level 5 in Dodging
  6563 | D:8      | Reached XP level 10. HP: 58/66 MP: 10/10
  6584 | D:8      | Found a sparkling altar of Nemelex Xobeh.
  6671 | D:8      | Reached skill level 1 in Invocations
  6672 | D:8      | Reached skill level 1 in Evocations
  6694 | D:8      | HP: 3/67 [phantom (8)]
  6749 | D:8      | Found a flagged portal.
  6766 | Bailey   | Entered a bailey
  7032 | Bailey   | Found a bloodstained altar of Trog.
  7032 | Bailey   | Noticed an orc knight
  7172 | Bailey   | Killed an orc knight
  7172 | Bailey   | Reached skill level 12 in Stealth
  7334 | D:8      | HP: 3/68 [hound skeleton (3)]
  7675 | D:8      | Found a sparkling altar of Nemelex Xobeh.
  9322 | D:9      | Found a blossoming altar of Fedhas.
  9506 | D:9      | Reached XP level 11. HP: 72/72 MP: 13/13
  9743 | D:10     | Entered Level 10 of the Dungeon
  9768 | D:10     | Noticed a two-headed ogre
  9833 | D:10     | Killed a two-headed ogre
  9833 | D:10     | Reached skill level 13 in Stealth
 10012 | D:9      | Reached ***** piety under Uskayaw
 10641 | D:10     | Found a large runed translucent door.
 10907 | D:10     | Found a staircase to the Lair.
 11128 | D:10     | Found a large runed translucent door.
 11137 | D:10     | Noticed a cyclops
 11144 | D:10     | Found a large runed translucent door.
 11144 | D:10     | Found a large runed translucent door.
 11215 | D:10     | Noticed a two-headed ogre
 11293 | D:10     | Killed a two-headed ogre
 11499 | D:10     | Splashed by an acid dragon's acid

Levels and vault maps discovered:
D:1:      lightli_arrival_maybe_door_vault, layout_basic
D:2:      layout_loops_cross, gammafunk_temple_overflow_statue, uniq_sigmund,
          uniq_natasha, uniq_jessica
D:3:      layout_loops_ring, minmay_between, uniq_robin, uniq_ijyb, uniq_grinder
D:4:      layout_basic, nicolae_overflow_quartered_altars, first_ration,
          serial_glass, glass_columns_a, glass_columns_a, uniq_menkaure
D:5:      layout_basic, minmay_temple_entry_overgrown
D:6:      layout_loops_ring, uniq_edmund
D:7:      layout_loops_ring, zin_purify, nicolae_ru_path_of_blood
D:8:      minmay_skewed_foursquare, layout_basic, basic_altar, enter_bailey_7,
          nemelex_spade_bored_becter
D:9:      layout_basic, fedhas_altar_3
D:10:     layout_rooms, erik_lair_dragon, minmay_hollow_rounded_squares
Temple:   dpeg_chambers_temple
Bailey:   bailey_axe_3, bailey

Skill      XL: |  1  2  3  4  5  6  7  8  9 10 11 |
---------------+----------------------------------+-----
Stealth        | 6 7 8 10 11 12 13 | 13.7
Short Blades   | 3 4 5 6 7 8 9 |  9.6
Dodging        | 2 3 4 5 6 |  6.5
Fighting       | 3 4 5 6 |  6.9
Throwing       | 3 4 5 6 |  6.8
Invocations    | 3 4 |  4.4
Evocations     | 2 4 |  4.2

Action                   |  1- 3 |  4- 6 |  7- 9 | 10-12 || total
-------------------------+-------+-------+-------+-------++-------
Melee: Short sword       |    51 |    71 |   330 |   399 ||   851
       Dagger            |     3 |       |       |       ||     3
       Constrict         |    13 |    17 |    51 |    45 ||   126
       Tentacles         |     2 |    15 |    67 |    86 ||   170
 Fire: Blowgun           |       |       |    46 |    60 ||   106
       Hunting sling     |       |       |     3 |    79 ||    82
Evoke: Wand              |       |       |     3 |       ||     3
  Use: Scroll            |     1 |     6 |     9 |     2 ||    18
       Potion            |       |     2 |     1 |     7 ||    10
 Stab: Sleeping          |    14 |     7 |    24 |    25 ||    70
       Distracted        |     1 |     1 |     3 |     3 ||     8
       Paralysed         |       |       |     5 |     7 ||    12
  Eat: Chunk             |       |     4 |    14 |    15 ||    33
Armor: Skin              |     6 |     1 |     5 |     7 ||    19
Dodge: Dodged            |    33 |    36 |    95 |   202 ||   366
Block: Other             |       |     5 |    48 |    64 ||   117
       Reflection        |       |       |     3 |     1 ||     4

Table legend:
 A = Non-vault XP
 B = Vault XP
 C = Vault XP percentage of total XP
 D = Non-vault monster count
 E = Vault monster count
 F = Vault count percentage of total count
                 A         B        C        D         E       F
            +---------+---------+-------+---------+---------+-------
      Total |   11202 |    4895 |  30.4 |     252 |      55 |  17.9
            +---------+---------+-------+---------+---------+-------
        D:1 |      20 |       0 |   0.0 |      12 |       0 |   0.0
        D:2 |     161 |     297 |  64.8 |      27 |       4 |  12.9
        D:3 |      25 |     357 |  93.5 |       7 |      14 |  66.7
        D:4 |     148 |     175 |  54.2 |      15 |       1 |   6.2
        D:5 |     870 |       0 |   0.0 |      21 |       0 |   0.0
        D:6 |     937 |     171 |  15.4 |      21 |       1 |   4.5
        D:7 |     911 |       0 |   0.0 |      38 |       0 |   0.0
        D:8 |    1883 |     262 |  12.2 |      36 |       7 |  16.3
        D:9 |    3572 |       0 |   0.0 |      54 |       0 |   0.0
       D:10 |    2675 |    2734 |  50.5 |      21 |      12 |  36.4
     Bailey |       0 |     899 | 100.0 |       0 |      16 | 100.0
            +---------+---------+-------+---------+---------+-------
